Map: Blueshift LE

Players

Elazer

  • Race: Zerg Zerg
  • Spawn Location: 1:00

Kelazhur - Winner!

  • Race: Terran Terran
  • League: Master
  • Spawn Location: 7:00

Event: HomeStory Cup XVIII

VOD

Have the link to the VOD?

Description

Time

  • Played on: Nov. 22, 2018, 5:30 p.m.
  • Length: 4:44

All games in this series

Show
View Real Time Build Order
Export as new Build Order

Elazer Zerg 

Build Orders: Pool Only, Ravager All-In 

Get SALT Encoding   

  12  0:19  Spawning Pool  
  11  0:23  Drone  
  11  0:28  Drone  
  13  0:32  Drone  
  14  0:37  Extractor  
  14  0:39  Drone  
  14  0:47  Extractor, Drone  
  14  1:06  Roach Warren  
  14  1:07  Zergling x2  
  14  1:12  Overlord  
  14  1:22  Overlord  
  14  1:45  Roach  
  14  1:46  Roach  
  18  1:50  Roach  
  20  2:01  Roach  
  22  2:06  Ravager  
  22  2:07  Ravager  
  24  2:13  Roach  
  26  2:26  Roach  
  28  2:34  Ravager  
  29  2:43  Overlord  
  28  3:00  Roach  
  27  3:11  Roach  
  29  3:13  Ravager  
  29  3:16  Ravager  
  31  3:24  Roach  
  33  3:33  Ravager  
  34  3:40  Overlord  
  34  3:51  Roach  
  36  3:56  Ravager  
  37  4:09  Roach  
  39  4:15  Ravager  
Show
View Real Time Build Order
Export as new Build Order

Kelazhur Terran - Winner!

Build Orders: Reaper Expand 

Get SALT Encoding   

  12  0:00  SCV  
  13  0:12  SCV  
  14  0:16  Supply Depot  
  14  0:25  SCV  
  15  0:38  SCV  
  15  0:40  Barracks  
  15  0:42  Refinery  
  16  0:50  SCV  
  17  1:02  SCV  
  18  1:14  SCV  
  19  1:27  Reaper, Orbital Command  
  20  1:38  Command Center  
  20  1:49  Supply Depot  
  20  1:52  SCV  
  21  1:59  Marine  
  22  2:03  Factory  
  22  2:05  SCV  
  23  2:12  Refinery  
  23  2:17  SCV  
  23  2:20  Barracks Reactor  
  24  2:25  Bunker  
  24  2:29  SCV  
  25  2:36  Bunker  
  25  2:41  SCV  
  26  2:44  Supply Depot  
  26  2:48  Factory Tech Lab  
  26  2:53  SCV  
  23  3:00  Marine x2  
  23  3:12  Siege Tank  
  25  3:18  Marine x2, SCV  
  28  3:33  SCV  
  29  3:35  Supply Depot  
  29  3:45  SCV  
  30  3:56  Marine  
  30  3:57  Supply Depot  
  31  4:17  Bunker  
  31  4:18  SCV  
  35  4:30  SCV  
Tags
 
Add a new tag
Caveats
  • Supply blocks, unpowered buildings, or Contaminate may cause inaccurate times.
  • Supply counts are checked every 10 seconds.